 Dungeon Crawl Stone Soup version 0.27-a0-333-gfa571bf19a (webtiles) character file.

Game seed: 1463952923720816719

15 inc the Caller (level 2, 0/11 HPs)
             Began as a Felid Summoner on Feb 12, 2021.
             Succumbed to an adder's poison
             ... on level 2 of the Dungeon.
             The game lasted 00:00:58 (1097 turns).

inc the Caller (Felid Summoner)                     Turns: 1097, Time: 00:00:59

Health: 0/11       AC:  1    Str:  4    XL:     2   Next: 34%
Magic:  4/6        EV: 18    Int: 16    God:
Gold:   101        SH:  0    Dex: 16    Spells: 4/5 levels left
                                        Lives:  0   Deaths: 0

rFire    . . .     SeeInvis +   (weapon unavailable)
rCold    . . .     Faith    .   (shield unavailable)
rNeg     . . .     Spirit   .   (armour unavailable)
rPois    .         Reflect  .   (helmet unavailable)
rElec    .         Harm     .   (cloak unavailable)
rCorr    .         Rampage  .   (gloves unavailable)
Will     .....                  (boots unavailable)
Stlth    +++.......             (no amulet)
HPRegen  0.03/turn              (no ring)
MPRegen  0.10/turn              (no ring)

@: lethally poisoned (0 -> -7), quick
A: very small, no armour, no weapons or thrown items, stealth, claws 1, fangs 3,
see invisible, speed 1, shaggy fur 1, sharp paws
a: no special abilities


You were on level 2 of the Dungeon.
You visited 1 branch of the dungeon, and saw 2 of its levels.

You collected 101 gold pieces.

Inventory:

Scrolls
 b - a scroll of blinking {unknown}
 d - a scroll of fog {unknown}
 e - a scroll of identify {unknown}
 g - a scroll of immolation {unknown}
 h - a scroll of enchant armour {unknown}
Potions
 a - a potion of lignification {unknown}
 c - a potion of curing {unknown}
 f - a potion of ambrosia {unknown}


   Skills:
 - Level 2.6 Dodging
 - Level 2.6 Stealth
 - Level 2.0 Spellcasting
 + Level 4.6 Summonings


You had 4 spell levels left.
You knew the following spells:

 Your Spells              Type           Power        Failure   Level
a - Summon Small Mammal   Summ           64%          3%          1

Your spell library contained the following spells:

 Spells                   Type           Power        Failure   Level
 Call Imp                 Summ           16%          4%          2
 Call Canine Familiar     Summ           16%          9%          3
 Summon Guardian Golem    Hex/Summ       9%           24%         3
 Summon Ice Beast         Ice/Summ       9%           61%         4
 Summon Lightning Spire   Summ/Air       9%           61%         4


Dungeon Overview and Level Annotations

Branches:
Dungeon (2/15)

Altars:


Innate Abilities, Weirdness & Mutations

You cannot wear armour.
You are incapable of wielding weapons or throwing items.
Your paws allow you to move quietly. (Stealth)
You have sharp claws.
You have razor-sharp teeth.
You have supernaturally acute eyesight. (SInv)
You cover ground quickly.
You are covered in fur. (AC +1)
Your sharp claws are effective at attacking unaware monsters.


Message History

The dart slug completely misses you.
You scratch the dart slug.
The dart slug is severely wounded.
You scratch the dart slug but do no damage.
The dart slug is severely wounded.
The dart slug launches a dart at you. The slug dart misses you.
You scratch the dart slug.
You kill the dart slug!
An adder comes into view.
You see here a dart slug corpse.
An adder is nearby!
An adder is nearby!
The adder hisses angrily.
Found 18 stones.
There is a stone staircase leading up here.
Casting: Summon Small Mammal (safe; 3% risk of failure)
Confirm with . or Enter, or press ? or * to list all spells.
The adder barely misses you.
Casting: Summon Small Mammal (safe; 3% risk of failure)
Confirm with . or Enter, or press ? or * to list all spells.
The adder misses you.
Your quokka barely misses the adder.
The adder bites you.
Your quokka bites the adder.
The adder completely misses your bat.
Your bat misses the adder.
Your quokka barely misses the adder.
Casting: Summon Small Mammal (safe; 3% risk of failure)
Confirm with . or Enter, or press ? or * to list all spells.
Your bat barely misses the adder.
Your bat hits the adder. The adder closely misses your bat.
Your bat closely misses the adder.
Your bat barely misses the adder.
Your quokka bites the adder.
Your bat completely misses the adder.
Your bat closely misses the adder.
The adder closely misses your bat.
Your bat misses the adder. The adder bites you.
You are lethally poisoned!
The adder poisons you!
Your quokka closely misses the adder.
You feel sick.
Your bat hits the adder.
Your bat barely misses the adder.
The adder bites you.
* * * LOW HITPOINT WARNING * * *
Your quokka barely misses the adder.
Your bat hits the adder.
Your quokka barely misses the adder.
You die...

#..#.#
###..#<#
#......#
#....b.#
#....†.#
#....Sr#
#...>b.#
#...†..#
######@###
#.....#
#.....#
#.....#
#.....#
#.....#
###.###
#.# #.#


You could see an adder (ally target), a friendly quokka (summoned) and 2
friendly bats.

Vanquished Creatures
  A dart slug (D:2)
  A leopard gecko (D:1)
  A bat (D:2)
  4 rats
7 creatures vanquished.

Vanquished Creatures (collateral kills)
  A leopard gecko (D:1)
  2 jackals (D:1)
  2 kobolds (D:1)
  A frilled lizard (D:1)
  3 goblins (D:1)
9 creatures vanquished.

Grand Total: 16 creatures vanquished

Notes
Turn   | Place    | Note
-------+----------+-------------------------------------------
     0 | D:1      | inc the Felid Summoner began the quest for the Orb.
     0 | D:1      | Reached XP level 1. HP: 7/7 MP: 4/4
   724 | D:1      | Reached XP level 2. HP: 11/11 MP: 4/6
  1097 | D:2      | Succumbed to an adder's poison

Illustrated notes

Levels and vault maps discovered:
D:1:      dpeg_arrival_tiny_f, layout_rooms, grunt_decor_cap
D:2:      layout_basic, grunt_temple_overflow_holy_war,
          pdpol_wu_jian_five_deadly_venoms, lemuel_doored_altar,
          grunt_ministairs_9, uniq_natasha

Action                   || total
-------------------------++-------
Melee: Unarmed           ||    31
       Bite              ||     2
 Cast: Summon Small Mamm ||    21
 Stab: Sleeping          ||     3
Armor: Skin              ||     3
Dodge: Dodged            ||    36

Table legend: (Time is in decaauts)
 A = Elapsed time spent in this place.
 B = Non-inter-level travel time spent in this place.
 C = Inter-level travel time spent in this place.
 D = Time resting spent in this place.
 E = Time spent auto-exploring this place.
 F = Levels seen in this place.
 G = Mean time per level.
                   A        B        C        D        E       F      G
               +--------+--------+--------+--------+--------+-----+--------+
         Total |    977 |    965 |     12 |    253 |    513 |   2 |  488.5 |
       Dungeon |    977 |    965 |     12 |    253 |    513 |   2 |  488.5 |
               +--------+--------+--------+--------+--------+-----+--------+

Top non-repeatable levels by time:
     D:1: 922 daAuts
     D:2: 54 daAuts
